 Dungeon Crawl Stone Soup version bcrawl-1.13.2 (webtiles) character file.

Game seed: 17396656420294189157

109 Chiseanne the Ducker (level 4, -1/35 HPs)
             Began as a Demonspawn Archaeologist on Aug 12, 2019.
             Slain by Robin
             ... wielding a +0 trident
              (3 damage)
             ... on level 2 of the Dungeon.
             The game lasted 00:03:51 (2768 turns).

Chiseanne the Ducker (Demonspawn Archaeologist)     Turns: 2768, Time: 00:03:52

Health: -1/35      AC:  9    Str: 11    XL:     4   Next: 59%
Magic:  4/4        EV: 14    Int: 16    God:
Gold:   182        SH:  0    Dex: 12    Spells: 3/3 levels left

rFire    . . .     SeeInvis .   p - +0 spear
rCold    . . .     Gourm    .   (no shield)
rNeg     . . .     Faith    .   b - +1 robe
rPois    .         Spirit   .   c - +1 hat
rElec    +         Reflect  .   (no cloak)
rCorr    .         Harm     .   (no gloves)
MR       +....                  d - +2 pair of boots
Stlth    ++........             (no amulet)
HPRegen  0.11/turn              s - ring of insulation
MPRegen  0.09/turn              i - ring of protection from magic

@: studying Dodging
A: iridescent scales 1, demonic guardian 1
a: no special abilities


You were on level 2 of the Dungeon.
You were not hungry.

You visited 1 branch of the dungeon, and saw 3 of its levels.

You collected 182 gold pieces.

Inventory:

Hand Weapons
 p - a +0 spear (weapon)
Missiles
 a - 199 arrows
 l - 140 stones (quivered)
 n - 173 sling bullets
Armour
 b - a +1 robe (worn)
 c - a +1 hat (worn)
 d - a +2 pair of boots (worn)
Jewellery
 i - a ring of protection from magic (right hand)
 s - a ring of insulation (left hand)
Scrolls
 k - a scroll of remove curse
Potions
 h - a potion of curing {unknown}
 j - a potion of flight {unknown}
 o - a potion of might
 q - a potion of agility
 r - a potion of brilliance
 t - a potion of haste {unknown}
Books
 e - a manual of Dodging
Miscellaneous
 f - an ancient crate
Comestibles
 g - 4 rations {!d}


   Skills:
 - Level 3.0 Fighting
   Level 0.8 Maces & Flails
 + Level 5.1 Dodging
 - Level 3.0 Stealth


You had 3 spell levels left.
You didn't know any spells.
Your spell library was empty.

Dungeon Overview and Level Annotations

Branches:
Dungeon (3/12)

Altars:
Hepliaklqana
Lugonu

Annotations:
D:2 Robin


Innate Abilities, Weirdness & Mutations

You are partially covered in iridescent scales. (AC +2)
A weak demonic guardian rushes to your aid.


Message History

You hit Robin.
Robin is heavily wounded.
Robin barely misses you.
You barely miss Robin.
Robin is heavily wounded.
Robin misses you. Robin hits you with a +0 trident.
You hit Robin.
Robin is severely wounded.
Robin closely misses you.
You hit Robin.
Robin is severely wounded.
Robin hits you with a +0 trident! x2
* * * LOW HITPOINT WARNING * * *
You closely miss Robin.
Robin is severely wounded.
Robin barely misses you.
You hit Robin.
Robin is almost dead.
Robin barely misses you. Robin hits you with a +0 trident.
You die...

###### ## ......# #. .....# #.
.....## #. .....## ###.
######....##########...
###....................#.
.......).....#.##########
..#.....@....#..#######..
#.#.....g................
#.#........[..#..........
#######.#########..).....###...
##.....#># ######...##....
##........### ##### ##..#.....
#...........# #...# ##....#..
#.........#.## #...#
#####....... #.........#..#
#...###...........


You could see Robin (berserk).

Vanquished Creatures
  2 gnolls (D:2)
  An adder (D:2)
  An ooze (D:1)
  2 dart slugs
  3 leopard geckos
  2 bats
  12 goblins
  10 hobgoblins
  8 jackals
  4 kobolds
  A quokka (D:2)
  A frilled lizard (D:1)
  A rat (D:2)
48 creatures vanquished.

Vanquished Creatures (collateral kills)
  2 gnolls (D:2)
2 creatures vanquished.

Grand Total: 50 creatures vanquished

Notes
Turn   | Place    | Note
-------+----------+-------------------------------------------
     0 | D:1      | Chiseanne the Demonspawn Archaeologist began the quest for
                  | the Orb.
     0 | D:1      | Reached XP level 1. HP: 15/15 MP: 1/1
   454 | D:1      | Gained mutation: You are partially covered in iridescent
                  | scales. (AC +2) [demonic ancestry]
   454 | D:1      | Reached XP level 2. HP: 19/22 MP: 2/2
  1128 | D:2      | Gained mutation: A weak demonic guardian rushes to your
                  | aid. [demonic ancestry]
  1128 | D:2      | Reached XP level 3. HP: 22/29 MP: 3/3
  1357 | D:2      | Reached skill level 3 in Dodging
  1691 | D:2      | Noticed Robin
  2235 | D:2      | Reached skill level 4 in Dodging
  2284 | D:2      | Reached XP level 4. HP: 27/35 MP: 4/4
  2476 | D:2      | Found a corrupted altar of Lugonu.
  2486 | D:2      | Reached skill level 5 in Dodging
  2613 | D:2      | Found a hazy altar of Hepliaklqana.
  2768 | D:2      | Slain by Robin

Skill      XL: |  1  2  3  4 |
---------------+-------------+-----
Fighting       | 2 3 |  3.0
Dodging        | 4 5 |  5.1
Maces & Flails | |  0.8
Stealth        | |  3.0

Action                   |  1- 3 |  4- 6 || total
-------------------------+-------+-------++-------
Melee: Whip              |    42 |       ||    42
       Spear             |   138 |    67 ||   205
  Use: Scroll            |     3 |     7 ||    10
 Stab: Sleeping          |     7 |       ||     7
  Eat: Chunk             |     5 |     1 ||     6
Armor: Robe              |    91 |    18 ||   109
Dodge: Dodged            |   154 |    63 ||   217
